 Dungeon Crawl Stone Soup version 0.22.1-2-g9c5b331 (webtiles) character file.

1328 MalarOregon the Insei (level 8, -2/58 HPs)
             Began as a Merfolk Transmuter on Nov 14, 2018.
             Was an Initiate of Nemelex Xobeh.
             Hit by a silver javelin thrown by an orc warrior (9 damage)
             ... on level 6 of the Dungeon.
             The game lasted 00:16:59 (9057 turns).

MalarOregon the Insei (Merfolk Transmuter)          Turns: 9057, Time: 00:17:01

Health: -2/58      AC:  2    Str: 10    XL:     8   Next: 60%
Magic:  10/13      EV: 24    Int: 15    God:    Nemelex Xobeh [......]
Gold:   14         SH:  0    Dex: 19    Spells: 5/14 levels left

rFire    x . .     SeeInvis .     - Unarmed
rCold    + . .     Gourm    +   (shield currently unavailable)
rNeg     . . .     Faith    .   (armour currently unavailable)
rPois    x         Spirit   .   (helmet currently unavailable)
rElec    .         Reflect  .   (cloak currently unavailable)
rCorr    .         Harm     .   (gloves currently unavailable)
MR       .....                  (boots currently unavailable)
Stlth    +++.......             p - amulet of the gourmand
HPRegen  0.19/turn              h - ring of stealth
MPRegen  0.13/turn              L - ring of ice

@: spider-form
A: tiny, (change form in water), (swift swim), (stealthy swim)
a: End Transformation, Renounce Religion


You were on level 6 of the Dungeon.
You worshipped Nemelex Xobeh.
Nemelex Xobeh was noncommittal.
You were not hungry.
You were a venomous arachnid creature.
You visited 2 branches of the dungeon, and saw 7 of its levels.
You also visited: Sewer.

You collected 339 gold pieces.
You spent 325 gold pieces at shops.

Inventory:

Hand Weapons
 r - a +0 blowgun
   (You took it off a kobold on level 3 of the Dungeon)
Missiles
 a - 5 javelins (quivered)
 g - 5 needles of confusion
 s - 24 poisoned needles
 w - 10 tomahawks
 I - 22 arrows
Armour
 b - a +0 robe
 i - a +2 shield
   (You found it on level 1 of the Dungeon)
 k - a +0 pair of gloves (melded)
   (You found it on level 1 of the Dungeon)
 n - a +0 cloak (melded)
   (You found it on level 2 of the Dungeon)
 z - the cursed +1 ring mail of Weirdness (melded) {rF+ Slay+5}
   (You found it on level 4 of the Dungeon)

   It affects your accuracy and damage with ranged weapons and melee attacks
   (+5).
   It protects you from fire.
   It has a curse placed upon it.
 G - a +0 buckler (melded)
   (You found it in a sewer)
Jewellery
 h - a ring of stealth (left front leg)
   (You took it off a kobold on level 2 of the Dungeon)
 p - an amulet of the gourmand (around neck)
   (You found it on level 3 of the Dungeon)
 L - a ring of ice (right front leg)
   (You found it on level 6 of the Dungeon)
 M - a +5 ring of evasion {unknown}
   (You found it on level 6 of the Dungeon)
Wands
 c - a wand of disintegration (6)
   (You found it on level 5 of the Dungeon)
 t - a wand of flame (10)
   (You took it off a hobgoblin on level 4 of the Dungeon)
 A - a wand of enslavement (10)
   (You bought it in a shop on level 6 of the Dungeon)
Scrolls
 f - 2 scrolls of fog {unknown}
 l - a scroll of random uselessness
 u - 7 scrolls of teleportation {@r4}
 x - 5 scrolls of identify {@r1}
 y - 2 scrolls of enchant weapon {unknown}
 B - a scroll of blinking {unknown}
 H - a scroll of magic mapping {unknown}
 K - 2 scrolls of vulnerability {unknown}
 N - a scroll of remove curse {@r2}
Potions
 d - 4 potions of flight {unknown}
 j - 5 potions of degeneration {unknown}
 m - a potion of cancellation {unknown}
 o - a potion of haste {unknown}
 q - a potion of brilliance {unknown}
 v - a potion of lignification {unknown}
 C - a potion of agility {unknown}
 D - a potion of invisibility {unknown}
 E - 3 potions of berserk rage
 F - a potion of might {unknown}
 J - 4 potions of curing {@q1}
Miscellaneous
 O - a plain deck of destruction
   (Nemelex Xobeh gifted it to you on level 6 of the Dungeon)
Comestibles
 e - 9 rations {!d}


   Skills:
 + Level 3.3 Fighting
 + Level 4.9 Dodging
 * Level 3.2 Shields
 + Level 5.5 Unarmed Combat
 * Level 3.8 Spellcasting
 * Level 5.5 Transmutations
 * Level 3.3 Ice Magic
 * Level 3.6 Poison Magic
 + Level 1.5 Evocations


You had 5 spell levels left.
You knew the following spells:

 Your Spells              Type           Power        Failure   Level  Hunger
c - Ice Form              Ice/Tmut       ###.....     52%         4    ####...
s - Sticks to Snakes      Tmut           ###.....     11%         2    ##.....
x - Spider Form           Tmut/Pois      ###.......   22%         3    ###....

Your spell library contained the following spells:

 Spells                   Type           Power        Failure   Level  Hunger
 Beastly Appendage        Tmut           ###...       8%          1    None
 Shock                    Conj/Air       #...         38%         1    None
 Swiftness                Chrm/Air       #.......     50%         2    ##.....
 Blade Hands              Tmut           ###.......   69%         5    ######.
 Static Discharge         Conj/Air       #.......     71%         3    ###....
 Airstrike                Air            #.........   96%         4    ####...
 Lightning Bolt           Conj/Air       #.........   100%        5    ######.


Dungeon Overview and Level Annotations

Branches:
Dungeon (6/15)             Temple (1/1) D:5

Altars:
Ashenzari
Cheibriados
Elyvilon
Fedhas
Gozag
Hepliaklqana
Kikubaaqudgha
Makhleb
Nemelex Xobeh
Okawaru
Ru
Sif Muna
Trog
Vehumet
Wu Jian
Yredelemnul
Zin

Shops:
D:5 *   D:6 *


Message History

The jelly moves out of view.
The orc moves out of view.
You hit the orc.
A worker ant comes into view.
The orc barely misses you.
The worker ant twitches its antennae in your direction.
The orc shouts!
You punch the orc!
You kill the orc!
You hit the crimson imp.
The orc warrior throws a silver javelin.
You block the silver javelin.
You closely miss the crimson imp.
The crimson imp hits you but does no damage.
The orc warrior throws a silver javelin.
The silver javelin closely misses you.
You closely miss the crimson imp.
The crimson imp blinks!
The orc warrior throws a silver javelin.
The silver javelin hits you!!
The orc warrior throws a silver javelin.
The silver javelin hits you!!
* * * LOW HITPOINT WARNING * * *
You see here a silver javelin.
You turn into a venomous arachnid creature.
Your +0 cloak melds into your body.
Your +0 pair of gloves melds into your body.
Your +0 buckler melds into your body.
The cursed +1 ring mail of Weirdness {rF+ Slay+5} melds into your body.
The crimson imp closely misses you.
You hit the crimson imp. The crimson imp hits you.
* * * LOW HITPOINT WARNING * * *
The orc warrior throws a silver javelin.
The silver javelin completely misses you.
You hit the crimson imp. The crimson imp misses you.
The orc warrior throws a silver javelin.
The silver javelin misses you.
The crimson imp blinks!
You see here 2 silver javelins.
You hit the orc warrior but do no damage.
The orc warrior is poisoned.
The crimson imp disappears for a moment.
The orc warrior misses you.
You hit the orc warrior.
The orc warrior looks as sick as possible!
The orc misses you.
The orc warrior throws a silver javelin.
The silver javelin hits you!
* * * LOW HITPOINT WARNING * * *
The silver sears you!
You die...
Your body disappears without a glow.

..... .. #.#.#
#. #.#.# ..
#####.#.##.
..........
#....J.#
#...ooa#
#..5.(.#
#...s..#
#......#
#......# #..#
###(#### #...#
#.# #..)#
#.######...##
#.#....#....###
#.#.##.#.#)...
#.#.##.#.#..#


You could see an orc warrior, a jelly, a worker ant, a crimson imp and an orc.

Vanquished Creatures
  An orc warrior (D:6)
  An ice beast (D:4)
  A phantom (D:5)
  An ogre (D:5)
  A centaur (D:5)
  The ghost of RoboWizard the Chucker, an amateur GnWn (D:3)
  A scorpion (D:5)
  2 killer bees (D:5)
  2 crimson imps (D:5)
  A quasit (D:5)
  2 orc wizards
  2 orc priests
  A bullfrog skeleton (D:3)
  2 iguanas (D:6)
  A hound zombie (D:3)
  A hound skeleton (D:5)
  3 gnolls (D:6)
  8 adders
  A shadow imp (D:5)
  4 oozes (Sewer)
  An adder zombie (D:6)
  9 worms
  2 dart slugs
  4 leopard geckos
  15 orcs
  4 giant cockroaches
  4 goblins
  8 hobgoblins
  4 jackals (Sewer)
  3 quokkas
  7 ball pythons
  16 bats
  7 frilled lizards
  6 kobolds
  A quokka zombie (D:5)
  8 rats
136 creatures vanquished.

Vanquished Creatures (collateral kills)
  2 killer bees (D:5)
  An orc wizard (D:4)
  A howler monkey skeleton (D:3)
  2 orcs
  A hobgoblin (D:2)
7 creatures vanquished.

Vanquished Creatures (others)
  An orc wizard (D:4)
1 creature vanquished.

Grand Total: 144 creatures vanquished

Notes
Turn   | Place    | Note
-------+----------+-------------------------------------------
     0 | D:1      | MalarOregon the Merfolk Transmuter began the quest for the
                  | Orb.
     0 | D:1      | Reached XP level 1. HP: 15/15 MP: 3/3
   490 | D:1      | Reached XP level 2. HP: 18/21 MP: 3/5
  1315 | D:2      | Learned a level 2 spell: Sticks to Snakes
  1735 | D:2      | Reached XP level 3. HP: 23/26 MP: 3/6
  2057 | D:2      | Learned a level 3 spell: Spider Form
  2348 | D:2      | Found a glowing silver altar of Zin.
  2511 | D:2      | Reached XP level 4. HP: 11/33 MP: 0/7
  3000 | D:3      | Reached skill level 1 in Shields
  3620 | D:3      | Reached XP level 5. HP: 38/38 MP: 8/8
  3646 | D:3      | Learned a level 4 spell: Ice Form
  3661 | D:3      | Found a basalt altar of Yredelemnul.
  3688 | D:3      | Found a runed gate.
  3688 | D:3      | Found a runed gate.
  3688 | D:3      | Found a runed gate.
  3761 | D:3      | Found a white marble altar of Elyvilon.
  4376 | D:3      | Noticed RoboWizard's ghost (amateur GnWn)
  4414 | D:3      | Reached skill level 1 in Poison Magic
  4427 | D:3      | Killed RoboWizard's ghost
  4537 | D:4      | Noticed an ice beast
  4617 | D:4      | Found a radiant altar of Vehumet.
  4800 | D:4      | Reached skill level 1 in Ice Magic
  4800 | D:4      | Reached XP level 6. HP: 18/44 MP: 1/10
  5544 | D:4      | Killed an ice beast
  5544 | D:4      | Reached skill level 5 in Unarmed Combat
  6410 | D:4      | Reached XP level 7. HP: 28/51 MP: 11/11
  6621 | D:4      | Got a spiked ring mail
  6632 | D:4      | Identified the cursed +1 ring mail of Weirdness {rF+
                  | Slay+5} (You found it on level 4 of the Dungeon)
  6706 | D:5      | Entered Level 5 of the Dungeon
  6706 | D:5      | Found a glowing drain.
  6729 | Sewer    | Entered a sewer
  7452 | D:5      | Found a bloodstained altar of Trog.
  7666 | D:5      | Found an opulent altar of Gozag.
  7672 | D:5      | Found Gozag's Platinum Reserve.
  7695 | D:5      | Reached skill level 1 in Evocations
  7725 | D:5      | Reached skill level 5 in Transmutations
  7725 | D:5      | Reached XP level 8. HP: 48/58 MP: 9/13
  7746 | D:5      | HP: 2/58 [killer bee (5)]
  8420 | D:5      | Found a staircase to the Ecumenical Temple.
  8429 | Temple   | Entered the Ecumenical Temple
  8530 | Temple   | Became a worshipper of Nemelex Xobeh the Trickster
  8974 | D:6      | Found Etrieh's General Store.
  8979 | D:6      | Bought a wand of enslavement (10) for 156 gold pieces
  8979 | D:6      | Bought a potion of berserk rage for 65 gold pieces
  8979 | D:6      | Bought a scroll of teleportation for 39 gold pieces
  8979 | D:6      | Bought a scroll of remove curse for 39 gold pieces
  8979 | D:6      | Bought a scroll of identify for 26 gold pieces
  9038 | D:6      | Received a gift from Nemelex Xobeh
  9057 | D:6      | Hit by a silver javelin thrown by an orc warrior

Skill      XL: |  1  2  3  4  5  6  7  8 |
---------------+-------------------------+-----
Dodging        | 3 4 |  4.9
Transmutations | 3 4 5 |  5.5
Unarmed Combat | 4 5 |  5.5
Shields        | 1 2 3 |  3.2
Fighting       | 2 3 |  3.3
Poison Magic   | 1 3 |  3.6
Ice Magic      | 1 2 3 |  3.3
Spellcasting   | 3 |  3.8
Evocations     | 1 |  1.5

Action                   |  1- 3 |  4- 6 |  7- 9 || total
-------------------------+-------+-------+-------++-------
Melee: Unarmed           |   167 |   208 |   232 ||   607
       Tailslap          |       |       |     5 ||     5
 Cast: Beastly Appendage |     4 |       |       ||     4
       Sticks to Snakes  |     2 |    10 |     2 ||    14
       Spider Form       |       |       |     6 ||     6
Evoke: Wand              |       |     7 |       ||     7
  Use: Scroll            |     6 |     1 |       ||     7
       Potion            |       |       |     4 ||     4
 Stab: Sleeping          |     2 |     1 |       ||     3
  Eat: Ration            |     1 |     2 |       ||     3
       Chunk             |     2 |     7 |    12 ||    21
Armor: Robe              |    39 |    27 |       ||    66
       Ring mail         |       |       |    59 ||    59
       Skin              |       |       |     3 ||     3
Dodge: Dodged            |    61 |    72 |   164 ||   297
Block: Shield            |    61 |    82 |    48 ||   191
       Buckler           |       |       |    21 ||    21
